 Dungeon Crawl Stone Soup version 0.30-a0-743-gbfdf073431 (webtiles) character file.

Game seed: 4351332441481346227

18737 tilp the Carver (level 13, -6/113 HPs)
             Began as a Meteoran Fighter on Feb 7, 2023.
             Was an Elder of Okawaru.
             Killed by divine providence
             ... invoked by an orc priest
             ... led by Saint Roka
              (16 damage)
             ... on level 2 of the Orcish Mines.
             The game lasted 00:34:28 (6902 turns).

tilp the Carver (Meteoran Fighter)                  Turns: 6902, Time: 00:34:28

Health: -6/113     AC: 32    Str: 17    XL:     13   Next: 26%
Magic:  18/21      EV: 16    Int: 13    God:    Okawaru [****..]
Gold:   1382       SH:  0    Dex: 29    Spells: 12/12 levels left

rFire   . . .      SeeInvis .    b - +1 scimitar (flame)
rCold   . . .      Faith    .    c - +0 buckler
rNeg    + . .      Spirit   .    y - +10 plate armour of the Devil {rElec}
rPois   .          Reflect  .    (no helmet)
rElec   +          Harm     .    g - +2 cloak
rCorr   +          Rampage  .    M - +0 pair of gloves
Will    +++..                    z - +0 pair of boots "Wecafyma" {rElec rN+ Will++ rCorr} Stlth
                                 (no amulet)
HPRegen 0.38/turn                i - +6 ring of dexterity
MPRegen 0.17/turn                s - +6 ring of dexterity

@: confused, heroic, finesse-ful, ambrosia-drunk, glowing
A: sense surroundings 2, otherworldly, glowing, explore regen
a: Renounce Religion, Heroism, Finesse


You were on level 2 of the Orcish Mines.
You worshipped Okawaru.
Okawaru was greatly pleased with you.
You visited 3 branches of the dungeon, and saw 15 of its levels.
You also visited: Gauntlet and Ice Cave.

You collected 1382 gold pieces.

Inventory:

Hand Weapons
 a - a +1 vampiric long sword
 b - a +1 scimitar of flaming (weapon)
 e - a +5 long sword
 p - a +3 dagger
Missiles
 d - 5 boomerangs (quivered)
 v - 20 poisoned darts
 K - 2 throwing nets
 N - a boomerang of dispersal
 O - a silver boomerang
Armour
 c - a +0 buckler (worn)
 g - a +2 cloak (worn)
 y - the +10 plate armour of the Devil (worn) {rElec}
   (You found it on level 8 of the Dungeon)

   rElec:     It insulates you from electricity.
 z - the +0 pair of boots "Wecafyma" (worn) {rElec rN+ Will++ rCorr}
   (You found it on level 6 of the Dungeon)

   rElec:     It insulates you from electricity.
   rN:        It protects you from negative energy.
   rCorr:     It protects you from acid and corrosion.
   Will:      It greatly increases your willpower.
 M - a +0 pair of gloves (worn)
Jewellery
 i - a +6 ring of dexterity (left hand)
 q - the ring of Gutagur {rC+ Int+6}
   (You found it on level 5 of the Dungeon)

   [ring of intelligence]

   Int:       It affects your intelligence (+6).
   rC:        It protects you from cold.
 s - a +6 ring of dexterity (right hand)
 t - the ring "Mythreus" {Fire Int+3}
   (You found it on level 6 of the Dungeon)

   [ring of fire]

   It enhances your fire magic.
   Int:       It affects your intelligence (+3).
   rF:        It protects you from fire.
   rC:        It makes you vulnerable to cold.
 x - a ring of willpower
 J - a ring of see invisible
Wands
 h - a wand of flame (48)
 I - a wand of roots (3)
Scrolls
 f - a scroll of magic mapping
 k - 3 scrolls of teleportation
 l - 7 scrolls of enchant weapon
 m - a scroll of enchant armour
 w - 4 scrolls of immolation
 A - 2 scrolls of brand weapon
 C - a scroll of amnesia
 G - a scroll of fog
Potions
 j - 5 potions of curing
 o - 3 potions of flight
 u - 2 potions of lignification {unknown}
 B - a potion of attraction
 D - 2 potions of magic
 E - a potion of mutation {unknown}
 F - 2 potions of might
 H - a potion of haste
 L - a potion of resistance {unknown}


   Skills:
 - Level 10.0(15.0) Fighting
 * Level 13.0(18.0) Long Blades
 - Level 6.0(11.0) Throwing
 - Level 8.0(13.0) Armour
 - Level 10.0(15.0) Dodging
 - Level 4.0(9.0) Stealth
 - Level 4.0(9.0) Shields
 * Level 9.3 Invocations
 - Level 6.0 Evocations


You had 12 spell levels left.
You didn't know any spells.
Your spell library was empty.

Dungeon Overview and Level Annotations

Branches:
Dungeon (12/15) Zot: 1227  Temple (1/1) D:7 Zot: 530    Lair (0/5) D:9
    Orc (2/2) D:10 Zot: 863     Elf (0/3) Orc:2         IceCv (visited)
Gauntlet (visited)

Altars:
Ashenzari
Cheibriados
Dithmenos
Elyvilon
Fedhas
Gozag
Hepliaklqana
Kikubaaqudgha
Makhleb
Nemelex Xobeh
Okawaru
Qazlal
Ru
Sif Muna
Trog
Uskayaw
Vehumet
Wu Jian
Yredelemnul
Zin
The Shining One

Shops:
Orc:2 *

Annotations:
Orc:2 Saint Roka


Innate Abilities, Weirdness & Mutations

You passively map the area around you.
You are easily found by Zot.
You glow in the dark.
You regain HP and MP as you explore.


Message History

You kill the sun demon!
The sun demon disappears in a puff of smoke!
Unknown command.
Okay, then.
Okay, then.
The orc priest hits you but does no damage.
The orc closely misses you.
Saint Roka calls down the wrath of Beogh upon you.
Beogh smites you!
* * * LOW HITPOINT WARNING * * *
Things that are here:
a +0 dagger; a +0 robe You hit the orc priest.
You burn the orc priest.
The orc priest is lightly wounded.
You block the orc priest's attack.
The orc high priest calls down the wrath of Beogh upon you.
Beogh smites you!
* * * LOW HITPOINT WARNING * * *
You block the orc's attack.
Saint Roka calls down the wrath of Beogh upon you.
Beogh smites you!
* * * LOW HITPOINT WARNING * * *
Unknown command.
The orc priest casts a cantrip, but nothing happens.
Saint Roka invokes the aid of Beogh against you.
Beogh smites you!
* * * LOW HITPOINT WARNING * * *
Unknown command.
You feel much better.
The orc priest invokes the aid of Beogh against you.
Beogh smites you!
* * * LOW HITPOINT WARNING * * *
The orc high priest invokes the aid of Beogh against you.
Beogh smites you!
* * * LOW HITPOINT WARNING * * *
You are confused.
You feel invigorated.
The orc priest invokes the aid of Beogh against you.
Beogh smites you!
You die...

._...#.........###..))).)........
.8...#........###o..##)')##......
.....#.......###o4###.....###....
...)##.<....##*#o## #8o..8# ##..#
.))##.........##4#**##oo.##***...
##)#.....##....#o#,,,#o..#,,,*...
..........###.##.#,,,+.o.+,,,*...
.........## *###o#,,,#...#,,,*...
...#..#.## #@#***#.8.#****,,,
.........#* #.#,,,#oo.#,,,*,,,
##........# #.#,,,o.o.',,,*,,,
*##....^.## #.#,,,*,,,*,,,*,*,
,*#.#...## #.#****,,,*****,**
,,......# #..***8,,,8***,,*
,**,,...#*** ##.**∩,,,,,∩**,***
***,,,,***,** *.,***,_,***,,,*,
*,,,,,,,,,,* **,,,*****,,,,,,,


You could see Saint Roka, an orc high priest (strong), a hellwing (summoned), an
ice devil (summoned), 2 orc priests and an orc (strong).

Vanquished Creatures
  Josephine (D:11)
  Erolcha (D:11)
  Erica (D:8)
  2 boulder beetles
  2 two-headed ogres
  Lodul (D:11)
  An orc knight (Orc:1)
  2 cyclopes
  An ice statue (IceCv)
  The ghost of Leeroy the Ducker, a novice VSWr of Uskayaw (D:6)
  Psyche (D:9)
  An unseen horror (D:11)
  A komodo dragon (D:11)
  2 trolls
  Prince Ribbit (D:6)
  4 slime creatures (IceCv)
  A wyvern (D:9)
  3 yaks (D:9)
  3 wraiths (D:11)
  A vampire mosquito (D:8)
  A death yak simulacrum (D:12)
  2 water moccasins
  Duvessa (D:4)
  14 orc warriors
  A sky beast (D:7)
  7 great orb of eyes simulacra (IceCv)
  3 black bears
  3 ice beasts
  3 centaurs
  13 ogres
  A phantom (D:6)
  Blork the orc (D:4)
  3 kobold brigands
  4 slime creature simulacra (IceCv)
  4 bullfrogs
  A cane toad simulacrum (D:12)
  9 scorpions
  3 gnoll sergeants
  6 glowing shapeshifter simulacra (IceCv)
  4 two-headed ogre simulacra (D:12)
  Dowan (D:4)
  3 wights (D:8)
  6 killer bees (D:9)
  A howler monkey (D:9)
  3 quasits (D:7)
  15 orc priests
  5 hounds
  2 gnoll boudas
  A jelly (D:5)
  Jessica (D:3)
  13 orc wizards
  3 iguanas
  3 shapeshifter simulacra (IceCv)
  A wolf simulacrum (D:12)
  A centaur simulacrum (D:6)
  30 gnolls
  6 adders
  A naga simulacrum (D:12)
  4 shadow imps (D:7)
  8 white imps
  3 ufetubi
  2 dart slugs
  47 orcs
  3 ball pythons
  2 bats
  4 endoplasms
  8 giant cockroaches
  A goblin (D:1)
  A hobgoblin (D:1)
  3 jackals (D:1)
  19 kobolds
  3 quokkas
  9 frilled lizards
  A rat (D:2)
  2 butterflies (D:8)
331 creatures vanquished.

Vanquished Creatures (collateral kills)
  An adder (D:2)
1 creature vanquished.

Vanquished Creatures (others)
  A gnoll (D:9)
  3 demonic plants (D:7)
  8 fungi (D:9)
  59 plants
71 creatures vanquished.

Grand Total: 403 creatures vanquished

Notes
Turn   | Place    | Note
-------+----------+-------------------------------------------
     0 | D:1      | tilp the Meteoran Fighter began the quest for the Orb.
     0 | D:1      | Reached XP level 1. HP: 19/19 MP: 2/2
    38 | D:1      | Reached XP level 2. HP: 15/26 MP: 3/3
    75 | D:1      | Reached skill level 1 in Dodging
   128 | D:2      | Reached XP level 3. HP: 28/31 MP: 4/4
   215 | D:2      | Found a broken altar of Ashenzari.
   229 | D:2      | Found a faded altar of an unknown god.
   263 | D:2      | Reached skill level 3 in Long Blades
   415 | D:2      | Reached XP level 4. HP: 38/38 MP: 5/5
   663 | D:3      | Noticed Jessica
   678 | D:3      | Killed Jessica
   679 | D:3      | Reached skill level 1 in Stealth
   679 | D:3      | Reached XP level 5. HP: 27/46 MP: 6/6
   698 | D:3      | Reached skill level 4 in Long Blades
   698 | D:3      | Reached XP level 6. HP: 28/52 MP: 7/7
   943 | D:4      | Noticed Duvessa
   943 | D:4      | Noticed Dowan
   953 | D:4      | Killed Duvessa
   957 | D:4      | Killed Dowan
   958 | D:4      | Reached skill level 5 in Long Blades
   958 | D:4      | Reached XP level 7. HP: 28/59 MP: 8/8
   960 | D:4      | Found a sacrificial altar of Ru.
  1004 | D:4      | Found a shimmering blue altar of Sif Muna.
  1064 | D:5      | Entered Level 5 of the Dungeon
  1190 | D:4      | Noticed Blork the orc
  1205 | D:4      | Killed Blork the orc
  1232 | D:4      | Found a broken altar of Ashenzari.
  1263 | D:4      | Reached skill level 6 in Long Blades
  1581 | D:5      | Identified the ring of Gutagur {rC+ Int+6}
  1610 | D:5      | Reached skill level 1 in Throwing
  1621 | D:5      | Reached XP level 8. HP: 67/67 MP: 9/9
  1976 | D:5      | Found a white marble altar of Elyvilon.
  1976 | D:5      | Found a glowing silver altar of Zin.
  1977 | D:5      | Found a glowing golden altar of the Shining One.
  2081 | D:6      | Found a runed translucent gate.
  2081 | D:6      | Found a runed translucent gate.
  2081 | D:6      | Found a runed translucent gate.
  2132 | D:6      | Noticed Leeroy's ghost (novice VSWr)
  2137 | D:6      | Reached skill level 5 in Fighting
  2142 | D:6      | Reached skill level 7 in Long Blades
  2204 | D:6      | Gained mutation: You passively map the area around you.
                  | [Meteoran growth]
  2204 | D:6      | Reached XP level 9. HP: 74/74 MP: 10/10
  2209 | D:6      | Noticed Prince Ribbit
  2243 | D:6      | Reached skill level 5 in Dodging
  2259 | D:6      | Killed Prince Ribbit
  2260 | D:6      | Reached skill level 5 in Armour
  2310 | D:6      | Identified the +0 pair of boots "Wecafyma" {rElec rN+
                  | Will++ rCorr}
  2476 | D:6      | Reached skill level 8 in Long Blades
  2561 | D:6      | Killed Leeroy's ghost
  2604 | D:6      | Reached XP level 10. HP: 84/84 MP: 11/11
  2609 | D:6      | Got the ring "Mythreus" {Fire Int+3}
  2989 | D:7      | Reached skill level 1 in Evocations
  3013 | D:7      | Reached skill level 9 in Long Blades
  3111 | D:8      | Noticed Erica
  3184 | D:7      | Found a staircase to the Ecumenical Temple.
  3301 | Temple   | Entered the Ecumenical Temple
  3355 | Temple   | Became a worshipper of Warmaster Okawaru
  3398 | D:8      | Found a runed translucent door.
  3399 | D:8      | Found a runed translucent door.
  3483 | D:8      | Identified the +10 plate armour of the Devil {rElec}
  3742 | D:8      | Killed Erica
  3742 | D:8      | Reached * piety under Okawaru
  3743 | D:8      | Reached skill level 10 in Long Blades
  3880 | D:8      | Noticed a two-headed ogre
  3889 | D:8      | Killed a two-headed ogre
  3889 | D:8      | Reached ** piety under Okawaru
  3890 | D:8      | Reached skill level 1 in Invocations
  3890 | D:8      | Reached XP level 11. HP: 79/94 MP: 11/13
  4100 | D:9      | Noticed Psyche
  4115 | D:9      | Killed Psyche
  4189 | D:9      | Found a basalt altar of Yredelemnul.
  4205 | D:9      | Reached *** piety under Okawaru
  4259 | D:10     | Entered Level 10 of the Dungeon
  4336 | D:9      | Found a staircase to the Lair.
  4874 | D:11     | Noticed Lodul
  4914 | D:10     | Noticed a two-headed ogre
  4920 | D:10     | Killed a two-headed ogre
  4920 | D:10     | Reached **** piety under Okawaru
  4921 | D:10     | Reached skill level 5 in Throwing
  4921 | D:10     | Reached skill level 5 in Evocations
  5152 | D:10     | Found an ornate altar of the Wu Jian Council.
  5227 | D:11     | Killed Lodul
  5228 | D:11     | Reached skill level 11 in Long Blades
  5228 | D:11     | Reached skill level 5 in Invocations
  5268 | D:10     | Found a staircase to the Orcish Mines.
  5378 | D:10     | Found a sparkling altar of Nemelex Xobeh.
  5421 | D:10     | Found an ancient bone altar of Kikubaaqudgha.
  5427 | D:10     | Found a snail-covered altar of Cheibriados.
  5459 | D:11     | Noticed Josephine
  5470 | D:11     | Killed Josephine
  5471 | D:11     | Reached XP level 12. HP: 104/104 MP: 13/17
  5619 | D:11     | Received a gift from Okawaru
  5631 | D:11     | Noticed Erolcha
  5640 | D:11     | Killed Erolcha
  5677 | D:11     | Noticed a boulder beetle
  5687 | D:11     | Killed a boulder beetle
  5708 | D:12     | Found a gate leading to a gauntlet.
  5708 | D:12     | Noticed a boulder beetle
  5722 | D:12     | Killed a boulder beetle
  5722 | D:12     | Reached ***** piety under Okawaru
  5765 | D:12     | Found a frozen archway.
  5785 | D:12     | Received a gift from Okawaru
  5786 | D:12     | Reached skill level 10 in Fighting
  5808 | IceCv    | Entered an ice cave
  5918 | IceCv    | Reached skill level 12 in Long Blades
  6049 | IceCv    | Reached XP level 13. HP: 22/113 MP: 17/20
  6077 | IceCv    | Found a viscous altar of Jiyva.
  6077 | IceCv    | Noticed an azure jelly
  6177 | Gauntlet | Entered a Gauntlet
  6177 | Gauntlet | Found a transporter.
  6177 | Gauntlet | Found a transporter.
  6179 | Gauntlet | Found a transporter.
  6191 | Gauntlet | Found a transporter.
  6193 | Gauntlet | Found a transporter.
  6224 | Gauntlet | Found a transporter.
  6225 | Gauntlet | Found a transporter.
  6228 | Gauntlet | Found a transporter.
  6228 | Gauntlet | Found a transporter.
  6240 | Gauntlet | Found a transporter.
  6241 | Gauntlet | Noticed a green death
  6253 | Gauntlet | Found a runed translucent door.
  6257 | Gauntlet | Found a transporter.
  6269 | Gauntlet | Found a transporter.
  6280 | Gauntlet | Found a transporter.
  6398 | Orc:1    | Entered Level 1 of the Orcish Mines
  6576 | Orc:1    | Received a gift from Okawaru
  6613 | Orc:2    | Entered Level 2 of the Orcish Mines
  6707 | Orc:2    | Found Quty's General Store.
  6746 | Orc:2    | Reached skill level 10 in Dodging
  6861 | Orc:2    | Reached skill level 13 in Long Blades
  6874 | Orc:2    | Noticed Saint Roka
  6900 | Orc:2    | HP: 1/113 [Saint Roka/divine providence (12)]
  6902 | Orc:2    | Killed from afar by an orc priest

Illustrated notes

Levels and vault maps discovered:
D:1:      evilmike_arrival_hilbert_curve, layout_loops_ring
D:2:      layout_loops_corners, basic_altar,
          chequers_ecumenical_altar_simple_redux, minivault_14,
          serial_bayou_pond_d, minivault_14
D:3:      layout_rooms, corner_web_ring, uniq_jessica
D:4:      layout_basic, old_standard_altar, led_sif_book,
          general_overflow_altar, uniq_duvessa, uniq_blork_the_orc
D:5:      layout_basic, good_gods_temple_1, minmay_lizard_king
D:6:      layout_rooms, gammafunk_ghost_icy, uniq_prince_ribbit1
D:7:      layout_basic, temple_fountains, serial_demonic, serial_demonic_c,
          serial_demonic_b, serial_demonic_e, serial_demonic_a,
          serial_demonic_f, serial_demonic_f, serial_demonic_f, serial_demonic_b
D:8:      lemuel_insect_pit, layout_basic, kennysheep_boxes, uniq_erica
D:9:      layout_layer_cave, nicolae_overflow_crystal_walls,
          grunt_lair_entry_orc_guard_hut, uniq_psyche
D:10:     layout_irregular_city, nicolae_overflow_hidden_temple,
          nicolae_wu_jian_wuxing_cycle, orc_0_dummy
D:11:     layout_basic, uniq_erolcha, uniq_josephine, uniq_lodul
D:12:     kennysheep_kobold_lugonu_temple, layout_loops_corners,
          portal_ice_cave_entry_ice_simulacra, gauntlet_entry_generic
Temple:   jpeg_temple_clearing
Orc:1:    giant_chief_lemuel, layout_caves, nicolae_orc_lava_room, uniq_sonja
Orc:2:    grunt_orc_community_town_hall, layout_caves,
          grunt_orc_community_big_house_1, grunt_orc_community_big_house_1,
          grunt_orc_community_house_2, grunt_orc_community_house_2,
          grunt_orc_community_house_1, grunt_orc_community_house_2,
          grunt_orc_community_house_3, grunt_orc_community_house_1,
          gammafunk_ghost_arena, mines2_lemuel, uniq_nessos

Skill      XL: |  1  2  3  4  5  6  7  8  9 10 11 12 13 |
---------------+----------------------------------------+-----
Dodging        | 1 2 3 4 5 8 9 10 | 10.0
Long Blades    | 3 4 5 6 7 8 10 11 12 13 | 13.0
Armour         | 4 5 6 7 8 |  8.0
Shields        | 4 |  4.0
Stealth        | 1 2 3 4 |  4.0
Fighting       | 4 5 6 8 9 10 | 10.0
Throwing       | 1 2 4 5 6 |  6.0
Evocations     | 4 5 6 |  6.0
Invocations    | 1 5 8 9 |  9.3

Action                     |  1- 3 |  4- 6 |  7- 9 | 10-12 | 13-15 || total
---------------------------+-------+-------+-------+-------+-------++-------
  Melee: Long sword        |    54 |    53 |   254 |   208 |       ||   569
         Scimitar          |       |       |       |   374 |   208 ||   582
  Throw: Dart              |     1 |       |     8 |     6 |       ||    15
         Boomerang         |       |       |     9 |     4 |     1 ||    14
 Invoke: Heroism           |       |       |       |     6 |     2 ||     8
         Finesse           |       |       |       |       |     2 ||     2
  Evoke: Wand              |       |       |       |     1 |       ||     1
    Use: Scroll            |     6 |       |     9 |    10 |     2 ||    27
         Potion            |       |     3 |     2 |     1 |     3 ||     9
   Stab: Distracted        |     1 |       |       |       |       ||     1
 Armour: Scale mail        |    28 |    27 |    52 |       |       ||   107
         Chain mail        |       |       |    30 |    98 |       ||   128
         Plate armour      |       |       |       |   256 |   132 ||   388
  Dodge: Dodged            |    26 |    19 |   100 |   218 |    53 ||   416
  Block: Buckler           |    12 |     7 |    90 |   195 |    47 ||   351

Table legend: (Time is in decaauts)
 A = Elapsed time spent in this place.
 B = Non-inter-level travel time spent in this place.
 C = Inter-level travel time spent in this place.
 D = Time resting spent in this place.
 E = Time spent auto-exploring this place.
 F = Levels seen in this place.
 G = Mean time per level.
                   A        B        C        D        E       F      G
               +--------+--------+--------+--------+--------+-----+--------+
         Total |   6839 |   5757 |   1082 |    210 |      0 |  17 |  402.3 |
       Dungeon |   5972 |   4921 |   1051 |    207 |      0 |  12 |  497.7 |
        Temple |     69 |     55 |     14 |      0 |      0 |   1 |   69.0 |
  Orcish Mines |    335 |    318 |     17 |      3 |      0 |   2 |  167.5 |
      Ice Cave |    306 |    306 |      0 |      0 |      0 |   1 |  306.0 |
      Gauntlet |    154 |    154 |      0 |      0 |      0 |   1 |  154.0 |
               +--------+--------+--------+--------+--------+-----+--------+

Top non-repeatable levels by time:
     D:7: 802 daAuts
    D:10: 746 daAuts
     D:9: 739 daAuts
     D:8: 617 daAuts
     D:4: 616 daAuts
     D:5: 591 daAuts
     D:6: 494 daAuts
     D:3: 470 daAuts
     D:2: 327 daAuts
   IceCv: 306 daAuts
    D:11: 298 daAuts
   Orc:2: 253 daAuts
    D:12: 155 daAuts
Gauntlet: 154 daAuts
     D:1: 111 daAuts
